 Dungeon Crawl Stone Soup version 0.29.1-15-g9cfb28693d (webtiles) character file.

Game seed: 135968826470341604

768 tizbic2 the Ruffian (level 7, 0/54 HPs)
             Began as a Vampire Fighter on Apr 29, 2023.
             Was a Follower of Uskayaw.
             Slain by Edmund
             ... wielding a +3 vorpal flail
              (2 damage)
             ... on level 4 of the Dungeon.
             The game lasted 00:13:36 (3646 turns).

tizbic2 the Ruffian (Vampire Fighter)               Turns: 3646, Time: 00:13:36

Health: 0/54       AC: 10    Str: 17    XL:     7   Next: 52%
Magic:  5/10       EV:  6    Int: 11    God:    Uskayaw [*.....]
Gold:   206        SH:  7    Dex: 13    Spells: 10/10 levels left

rFire   . . .      SeeInvis +     - Unarmed
rCold   . . .      Faith    .   b - +2 buckler
rNeg    . . .      Spirit   .   i - +0 chain mail
rPois   .          Reflect  .   m - +0 helmet
rElec   .          Harm     .   (no cloak)
rCorr   .          Rampage  .   (no gloves)
Will    .....                   (no boots)
Stlth   ..........              (no amulet)
HPRegen 0.38/turn               o - ring of wizardry
MPRegen 0.12/turn               (no ring)

@: healing quickly
A: alive, fangs 3, see invisible, vampiric 2
a: Exsanguinate, Renounce Religion, Stomp


You were on level 4 of the Dungeon.
You worshipped Uskayaw.
Uskayaw was noncommittal.
You visited 1 branch of the dungeon, and saw 5 of its levels.

You collected 206 gold pieces.

Inventory:

Hand Weapons
 w - a +0 sling
Missiles
 n - 10 poisoned darts
Armour
 a - a +0 scale mail
 b - a +2 buckler (worn)
 i - a +0 chain mail (worn)
 m - a +0 helmet (worn)
 p - a +0 leather armour
Jewellery
 h - a ring of fire
 o - a ring of wizardry (left hand)
Wands
 q - a wand of flame (18)
Scrolls
 d - 4 scrolls of teleportation
 e - a scroll of fog
 f - a scroll of identify
 j - 2 scrolls of immolation
 l - a scroll of acquirement {unknown}
Potions
 c - a potion of attraction
 g - a potion of curing
 k - a potion of flight


   Skills:
 + Level 4.0 Fighting
 + Level 3.5 Armour
 * Level 4.9 Shields
 * Level 5.3 Unarmed Combat
 + Level 2.1 Spellcasting
 + Level 0.9 Summonings


You had 10 spell levels left.
You didn't know any spells.
Your spell library contained the following spells:

 Spells                   Type           Power      Damage    Failure   Level
 Summon Small Mammal      Summ           12%        N/A       78%         1
 Scorch                   Fire           2%         2d5       96%         2
 Call Canine Familiar     Summ           3%         N/A       98%         3
 Summon Guardian Golem    Hex/Summ       2%         N/A       99%         3
 Flame Wave               Conj/Fire      1%         2d4       100%        4
 Summon Cactus Giant      Summ           1%         N/A       100%        6


Dungeon Overview and Level Annotations

Branches:
Dungeon (5/15)
 Temple: D:4-7

Altars:
Uskayaw

Annotations:
D:4 Edmund


Innate Abilities, Weirdness & Mutations

Your natural rate of healing is accelerated.
You have razor-sharp teeth.
You have supernaturally acute eyesight. (SInv)
You are afflicted with vampirism and can become a bat while bloodless.


Message History

The hound bites you but does no damage. Edmund hits you with a +3 vorpal flail.
The hound bites you but does no damage.
You barely miss Edmund.
Edmund is lightly wounded.
The hound bites you. The endoplasm freezes you.
You are frozen.
Edmund hits you with a +3 vorpal flail.
You closely miss Edmund.
Edmund is lightly wounded.
The hound closely misses you. The endoplasm freezes you.
You are frozen.
Edmund hits you but does no damage. You block the hound's attack.
You feel better. You block the hound's attack.
The endoplasm hits you but does no damage.
Edmund barely misses you.
You hit Edmund.
Edmund is moderately wounded.
The hound bites you. You block the endoplasm's attack.
You block Edmund's attack. The hound bites you but does no damage.
You closely miss the hound. You bite the hound.
The hound is almost dead.
The hound bites you but does no damage. The endoplasm freezes you.
You are frozen.
Edmund hits you with a +3 vorpal flail.
* * * LOW HITPOINT WARNING * * *
You can now pass through a line of other dancers.
You stomp with the beat, sending a shockwave through the revellers around you!
Edmund is moderately wounded.
You kill the hound!
The endoplasm is severely wounded.
You can no longer pass through a line of other dancers.
The endoplasm barely misses you. Edmund hits you with a +3 vorpal flail.
* * * LOW HITPOINT WARNING * * *
x2 Your Fighting skill increases to level 4!
You punch the endoplasm!
You kill the endoplasm!
Edmund hits you with a +3 vorpal flail!
* * * LOW HITPOINT WARNING * * *
You die...

##..........#
#...##.######
#..# #.#
.....##.#
.###..#.#
#.#.## #....#
. #....#
#.@..# #.@..#
#....# .....#
......# ##.#
.......# ....
........#
##..
.........#


You could see Edmund.

Vanquished Creatures
  Grinder (D:4)
  Sigmund (D:3)
  An ice beast (D:4)
  A jelly (D:3)
  2 hounds (D:4)
  An orc wizard (D:4)
  7 adders
  An ufetubus (D:4)
  3 worms (D:2)
  A dart slug (D:2)
  11 orcs
  7 bats
  10 endoplasms
  6 giant cockroaches
  8 goblins
  3 hobgoblins
  18 jackals
  3 quokkas
  4 ball pythons
  3 frilled lizards
  6 kobolds
  3 rats
101 creatures vanquished.

Notes
Turn   | Place    | Note
-------+----------+-------------------------------------------
     0 | D:1      | tizbic2 the Vampire Fighter began the quest for the Orb.
     0 | D:1      | Reached XP level 1. HP: 17/17 MP: 1/1
   135 | D:1      | Reached XP level 2. HP: 17/23 MP: 2/2
   445 | D:1      | Gained mutation: You are afflicted with vampirism and can
                  | become a bat while bloodless. [Vampire growth]
   445 | D:1      | Reached XP level 3. HP: 29/29 MP: 3/3
   487 | D:1      | Found a faded altar of an unknown god.
   513 | D:1      | Prayed at the altar of an unknown god.
   513 | D:1      | Became a worshipper of Uskayaw the Reveller
   513 | D:1      | Reached * piety under Uskayaw
  1034 | D:2      | Reached skill level 3 in Unarmed Combat
  1257 | D:2      | Reached XP level 4. HP: 27/35 MP: 0/4
  1439 | D:2      | Reached ** piety under Uskayaw
  2162 | D:3      | Reached *** piety under Uskayaw
  2167 | D:3      | Reached **** piety under Uskayaw
  2224 | D:3      | Reached XP level 5. HP: 6/41 MP: 1/6
  2500 | D:3      | Noticed Sigmund
  2515 | D:3      | Killed Sigmund
  2516 | D:3      | Reached skill level 4 in Unarmed Combat
  2516 | D:3      | Reached skill level 1 in Spellcasting
  2516 | D:3      | Reached XP level 6. HP: 8/47 MP: 0/8
  3023 | D:4      | Noticed Grinder
  3023 | D:4      | Paralysed by Grinder for 2 turns
  3026 | D:4      | Paralysed by Grinder for 4 turns
  3050 | D:4      | Paralysed by Grinder for 4 turns
  3063 | D:4      | Killed Grinder
  3064 | D:4      | Reached XP level 7. HP: 16/53 MP: 9/9
  3353 | D:4      | Reached skill level 5 in Unarmed Combat
  3459 | D:5      | Entered Level 5 of the Dungeon
  3627 | D:4      | Noticed Edmund
  3646 | D:4      | HP: 2/54 [Edmund/+3 vorpal flail (8)]
  3646 | D:4      | Slain by Edmund

Illustrated notes

Levels and vault maps discovered:
D:1:      wheals_arrival_shading, layout_loops_cross,
          hellmonk_ecumenical_altar_crossroads
D:2:      layout_basic, basic_altar, nicolae_figureground_pulse
D:3:      layout_loops_ring, uniq_sigmund
D:4:      black_bear_nest_1, layout_rooms, minmay_temple_entry_enclosed_plants,
          nzn_random_ring, uniq_edmund, uniq_grinder
D:5:      layout_basic, abandoned_shop, uniq_blork_the_orc, uniq_eustachio,
          uniq_prince_ribbit1

Skill      XL: |  1  2  3  4  5  6  7 |
---------------+----------------------+-----
Fighting       | 3 4 |  4.0
Shields        | 3 4 |  4.9
Unarmed Combat | 3 4 5 |  5.3
Armour         | 3 |  3.5
Spellcasting   | 1 2 |  2.1
Summonings     | |  0.9

Action                   |  1- 3 |  4- 6 |  7- 9 || total
-------------------------+-------+-------+-------++-------
Melee: Unarmed           |   147 |   125 |    81 ||   353
       Bite              |    11 |    16 |    11 ||    38
       Sling             |     2 |       |       ||     2
       Scimitar          |       |     8 |       ||     8
 Fire: Sling             |    13 |    27 |       ||    40
Invok: Stomp             |     5 |     5 |     6 ||    16
  Use: Potion            |     1 |     1 |     1 ||     3
       Scroll            |       |    10 |       ||    10
 Stab: Paralysed         |       |     1 |     1 ||     2
Armor: Scale mail        |    80 |    41 |       ||   121
       Chain mail        |       |    12 |    53 ||    65
Dodge: Dodged            |    68 |    49 |    21 ||   138
Block: Buckler           |    40 |    45 |    42 ||   127
